 Dungeon Sprint DCSS version 0.27-a0-29-g2d0a2396b0 (webtiles) character file.

Game seed: 3955844933189447865

77 iamoutofideas the Cleaver (level 4, -13/40 HPs)
             Began as a Minotaur Fighter on Jan 4, 2021.
             Mangled by a water elemental (15 damage)
             ... in the Dungeon (Sprint III: "The Ten Rune Challenge").
             The game lasted 00:00:43 (142 turns).

iamoutofideas the Cleaver (Minotaur Fighter)         Turns: 142, Time: 00:00:44

Health: -13/40     AC: 10    Str: 20    XL:     4   Next: 14%
Magic:  2/2        EV:  7    Int:  5    God:
Gold:   17         SH:  4    Dex: 11    Spells: 3/3 levels left

rFire    . . .     SeeInvis .   a - +0 war axe
rCold    . . .     Faith    .   (no shield)
rNeg     . . .     Spirit   .   k - +0 chain mail
rPois    .         Reflect  .   (helmet restricted)
rElec    .         Harm     .   m - +0 cloak
rCorr    .         Rampage  .   (no gloves)
Will     .....     NoTele   +   (no boots)
Stlth    ..........             (no amulet)
HPRegen  0.13/turn              (no ring)
MPRegen  0.08/turn              (no ring)

@: no status effects
A: retaliatory headbutt, horns 2, large bone plates 1, low mp 1
a: no special abilities


You were in the Dungeon.
You visited 1 branch You collected 17 gold pieces.

Inventory:

Hand Weapons
 a - a +0 war axe (weapon)
Armour
 b - a +0 scale mail
 k - a +0 chain mail (worn)
 m - a +0 cloak (worn)
Scrolls
 c - 6 scrolls of identify
 j - a scroll of blinking
 n - 2 scrolls of immolation {unknown}
 o - 2 scrolls of remove curse
Potions
 d - 2 potions of might
 e - a potion of curing
 f - a potion of heal wounds
 g - 2 potions of haste
 h - 2 potions of magic
 i - a potion of berserk rage
 l - a potion of attraction {unknown}
 p - a potion of flight {unknown}
 q - 3 potions of mutation


   Skills:
 - Level 4.3 Fighting
 + Level 9.2 Axes
 - Level 4.3 Armour
 - Level 4.3 Shields


You had 3 spell levels left.
You didn't know any spells.
Your spell library was empty.

Dungeon Overview and Level Annotations

Branches:
Dungeon (1/1)

Altars:


Innate Abilities, Weirdness & Mutations

You reflexively headbutt those who attack you in melee.
You have a pair of horns on your head.
You are partially covered in large bone plates. (SH +4)
Your magical capacity is low. (-10% MP)


Message History

Large bone plates grow over parts of your arms.
You open the door.
A water elemental comes into view.
The water elemental hits you!
The water elemental engulfs you in water!
There is an open door to the Ecumenical Temple, spattered with blood here.
You hit the water elemental but do no damage.
Your lungs strain for air!
The water elemental barely misses you.
You slash the water elemental!
The water elemental is moderately damaged.
Your lungs strain for air!
The water elemental hits you!
* * * LOW HITPOINT WARNING * * *
You are too injured to fight recklessly!
You are too injured to fight recklessly!
You slip free of the water engulfing you.
You gasp with relief as air once again reaches your lungs.
The water elemental hits you!
You die...

▓▓▓▓▓▓▓▓▓▓▓▓ ▓▓▓
<.#..'.....♣ ♣.#
..#..#....♣♣ ♣.#
#[####....♣♣♣ ♣.#
.....#....≈.♣♣♣♣.###+#+##
.....#)..≈≈♣.♣...#.......
.....#..≈≈≈≈.♣♣♣.E.⌠.....
####'#..≈≈≈≈≈≈♣♣@#...####
....†#.≈≈≈≈≈≈....#.⌠.#
..)..#.≈≈≈≈≈.....#...#
.....#.≈≈≈.......#+###
'#####...........#
..........†......#
▓▓▓▓▓▓▓▓▓▓▓▓▓▓▓▓▓▓


You could see a water elemental.

Vanquished Creatures
  Crazy Yiuf (D)
  Jessica (D)
  A human (D)
  An ooze (D)
  2 rats (D)
6 creatures vanquished.

Notes
Turn   | Place    | Note
-------+----------+-------------------------------------------
     0 | D        | iamoutofideas the Minotaur Fighter began the quest for the
                  | Orb.
     0 | D        | Reached XP level 1. HP: 19/19 MP: 0/0
    17 | D        | Noticed Jessica
    19 | D        | Reached skill level 3 in Axes
    21 | D        | Killed Jessica
    22 | D        | Reached skill level 6 in Axes
    22 | D        | Reached XP level 2. HP: 27/27 MP: 1/1
    22 | D        | Reached XP level 3. HP: 33/33 MP: 2/2
    43 | D        | Reached skill level 7 in Axes
    78 | D        | Noticed Crazy Yiuf
    85 | D        | Killed Crazy Yiuf
    86 | D        | Reached skill level 9 in Axes
    86 | D        | Reached XP level 4. HP: 35/40 MP: 3/3
   132 | D        | Gained mutation: Your magical capacity is low. (-10% MP)
                  | [potion of mutation]
   132 | D        | Gained mutation: You are partially covered in large bone
                  | plates. (SH +4) [potion of mutation]
   137 | D        | Noticed a water elemental
   140 | D        | HP: 2/40 [water elemental (14)]
   142 | D        | Mangled by a water elemental

Illustrated notes

Levels and vault maps discovered:
D:        dungeon_sprint_mu [sprint_mu_entry_forest, sprint_mu_temple_rooms,
          sprint_mu_d1_spiders, sprint_mu_d2_genie, sprint_mu_d3_branching,
          sprint_mu_orc_legion, sprint_mu_elf_gauntlet, sprint_mu_hive_nellie,
          sprint_mu_lair_fedhas, sprint_mu_vaults_butterflies,
          sprint_mu_slime_circle, sprint_mu_shoals_archi,
          sprint_mu_snake_twists, sprint_mu_blade_basic,
          sprint_mu_crypt_chambers, sprint_mu_tomb_spiral,
          sprint_mu_vestibule_basic, sprint_mu_gehenna_hellfire,
          sprint_mu_dis_giant, sprint_mu_tartarus_statrot,
          sprint_mu_cocytus_islands, sprint_mu_zot1]

Skill      XL: |  1  2  3 |
---------------+----------+-----
Fighting       | 4 |  4.3
Armour         | 4 |  4.3
Shields        | 4 |  4.3
Axes           | 6 9 |  9.2

Action                   |  1- 3 |  4- 6 || total
-------------------------+-------+-------++-------
Melee: War axe           |    14 |     2 ||    16
       Headbutt          |     4 |       ||     4
  Use: Potion            |       |     1 ||     1
Armor: Scale mail        |     3 |       ||     3
Dodge: Dodged            |     9 |     1 ||    10

Table legend: (Time is in decaauts)
 A = Elapsed time spent in this place.
 B = Non-inter-level travel time spent in this place.
 C = Inter-level travel time spent in this place.
 D = Time resting spent in this place.
 E = Time spent auto-exploring this place.
 F = Levels seen in this place.
 G = Mean time per level.
                   A        B        C        D        E       F      G
               +--------+--------+--------+--------+--------+-----+--------+
         Total |    155 |    134 |     21 |      0 |     12 |   1 |  155.0 |
       Dungeon |    155 |    134 |     21 |      0 |     12 |   1 |  155.0 |
               +--------+--------+--------+--------+--------+-----+--------+

Top non-repeatable levels by time:
       D: 155 daAuts
